 Dungeon Crawl Stone Soup version 0.21.1-1-g345015f (webtiles) character file.

21 Flooderbenga the Grave Robber (level 2, 0/20 HPs)
             Began as a Gnoll Necromancer on Apr 10, 2018.
             Slain by a goblin (3 damage)
             ... on level 1 of the Dungeon.
             The game lasted 00:06:31 (224 turns).

Flooderbenga the Grave Robber (Gnoll Necromancer)    Turns: 224, Time: 00:06:31

Health: 0/20       AC:  2    Str: 10    XL:     2   Next: 87%
Magic:  0/7        EV: 14    Int: 22    God:
Gold:   34         SH:  0    Dex: 15    Spells: 8/10 levels left

rFire    . . .     SeeInvis .   i - +0 dagger
rCold    . . .     Gourm    .   (no shield)
rNeg     . . .     Faith    .   a - +0 robe
rPois    .         Spirit   .   (no helmet)
rElec    .         Reflect  .   (no cloak)
rCorr    .         Harm     .   (no gloves)
MR       .....                  (no boots)
Stlth    +++.......             (no amulet)
HPRegen  0.06/turn              (no ring)
MPRegen  0.10/turn              (no ring)

@: brilliant
A: distributed training, fangs 1, strong nose
a: no special abilities


You were on level 1 of the Dungeon.
You were not hungry.

You visited 1 branch of the dungeon, and saw 1 of its levels.

You collected 34 gold pieces.

Inventory:

Hand Weapons
 i - a +0 dagger (weapon)
Missiles
 d - 17 stones (quivered)
 f - 7 tomahawks
Armour
 a - a +0 robe (worn)
Scrolls
 e - a scroll of identify {unknown}
 h - a scroll of teleportation {unknown}
 k - a scroll of blinking {unknown}
 l - a scroll of fear {unknown}
Potions
 m - 2 potions of might {unknown}
Books
 b - a book of Necromancy

   Spells                             Type                      Level
   a - Pain                           Necromancy                   1
   b - Animate Skeleton               Necromancy                   1
   c - Vampiric Draining              Necromancy                   3
   d - Regeneration                   Charms/Necromancy            3
   e - Animate Dead                   Necromancy                   4
   f - Borgnjor's Vile Clutch         Necromancy/Earth             5
Comestibles
 c - a ration


   Skills:
 + Level 0.5 Fighting
 + Level 0.5 Short Blades
 + Level 0.5 Long Blades
 + Level 0.5 Axes
 + Level 0.5 Maces & Flails
 + Level 0.5 Polearms
 + Level 0.5 Staves
 + Level 0.5 Slings
 + Level 0.5 Bows
 + Level 0.5 Crossbows
 + Level 0.5 Throwing
 + Level 0.5 Armour
 + Level 4.5 Dodging
 + Level 4.1 Stealth
 + Level 0.5 Shields
 + Level 0.5 Unarmed Combat
 + Level 4.9 Spellcasting
 + Level 0.3 Conjurations
 + Level 0.3 Hexes
 + Level 0.3 Charms
 + Level 0.3 Summonings
 + Level 7.0 Necromancy
 + Level 0.3 Translocations
 + Level 0.3 Transmutations
 + Level 0.3 Fire Magic
 + Level 0.3 Ice Magic
 + Level 0.3 Air Magic
 + Level 0.3 Earth Magic
 + Level 0.3 Poison Magic
 + Level 0.6 Invocations
 + Level 0.5 Evocations


You had 8 spell levels left.
You knew the following spells:

 Your Spells              Type           Power        Failure   Level  Hunger
a - Pain                  Necr           ####         1%          1    None
z - Animate Skeleton      Necr           N/A          1%          1    None


Dungeon Overview and Level Annotations

Branches:
Dungeon (1/15)

Altars:


Innate Abilities, Weirdness & Mutations

Your experience applies equally to all skills.
You have very sharp teeth.
Your uncanny sense of smell can sniff out nearby items.


Message History

The bat hits you but does no damage. The goblin barely misses you.
The jackal bites you but does no damage.
You hit the goblin. The bat closely misses you. The jackal bites you.
* * * LOW HITPOINT WARNING * * *
The goblin misses you.
You take 3 damage, and have 4/20 hp.
Okay, then.
It was a potion of brilliance.
You feel clever all of a sudden.
The jackal bites you but does no damage.
The bat closely misses you. The goblin misses you.
The jackal closely misses you.
Aim: a jackal (chance to defeat MR: 93%)
The jackal writhes in agony!
You kill the jackal!
The bat closely misses you. The goblin barely misses you.
You take 1 damage, and have 3/20 hp.
You now have 0/7 mp.
You closely miss the goblin. The bat hits you but does no damage.
The bat misses you. The goblin hits you.
You die...

. ......#.......... ..
r....†#...####... ...####
#........#.... .....####
#.##...#......
##......###.##.........(
##.....$......#....###...
#...........#.#....# ...
#.!....†g....)....###..#.
#......b@...#.........##.
#..........##......####
#.>...†....####.....#
##........## #.....#
#........# ##..#.#
#.......... ##.#..# ##
#..........# #.##.....
..........# #.. #####
..........# ##.


You could see a goblin and a bat.

Vanquished Creatures
  A dart slug (D:1)
  2 giant cockroaches (D:1)
  2 goblins (D:1)
  2 hobgoblins (D:1)
  2 jackals (D:1)
  5 bats (D:1)
  2 kobolds (D:1)
  3 rats (D:1)
19 creatures vanquished.

Notes
Turn   | Place    | Note
-------+----------+-------------------------------------------
     0 | D:1      | Flooderbenga the Gnoll Necromancer began the quest for the Orb.
     0 | D:1      | Reached XP level 1. HP: 13/13 MP: 6/6
    30 | D:1      | Learned a level 1 spell: Animate Skeleton
    55 | D:1      | Reached XP level 2. HP: 14/19 MP: 3/7
   224 | D:1      | Slain by a goblin

Action                   || total
-------------------------++-------
Melee: Dagger            ||    26
       Bite              ||     2
 Cast: Pain              ||    26
  Use: Potion            ||     2
Armor: Robe              ||    13
Dodge: Dodged            ||    60
